Map: Sequencer LE

Players

DirtySsox

  • Race: Terran Terran
  • League: Silver
  • Spawn Location: 7:00

Whiskydog - Winner!

  • Race: Terran Terran
  • League: Silver
  • Spawn Location: 1:00

VOD

Have the link to the VOD?

Description

Time

  • Played on: June 18, 2017, 3:04 a.m.
  • Length: 22:10
Show
View Real Time Build Order
Export as new Build Order

DirtySsox Terran 

Build Orders:  

Get SALT Encoding   

  12  0:01  SCV  
  13  0:16  Supply Depot  
  13  0:18  SCV  
  14  0:30  SCV  
  15  0:42  Barracks  
  15  0:49  SCV  
  16  0:51  Refinery  
  16  1:01  SCV  
  17  1:13  SCV  
  19  1:30  Orbital Command  
  18  1:41  Barracks Reactor  
  18  1:44  Command Center  
  18  1:59  SCV  
  19  2:05  Refinery  
  19  2:09  Supply Depot  
  19  2:11  SCV  
  20  2:22  Marine  
  21  2:23  Marine  
  21  2:25  SCV  
  23  2:37  SCV  
  23  2:40  Marine  
  23  2:41  Marine  
  26  2:49  SCV  
  27  2:52  Supply Depot  
  27  2:58  Marine x2  
  28  3:01  SCV  
  28  3:02  Orbital Command  
  29  3:14  Factory  
  29  3:15  Marine  
  29  3:16  Marine  
  31  3:20  Supply Depot  
  31  3:23  SCV  
  32  3:33  Marine  
  33  3:35  SCV  
  33  3:41  SCV  
  35  3:47  SCV  
  36  3:50  Marine  
  36  3:51  Marine  
  36  3:52  Supply Depot  
  36  3:53  SCV  
  39  3:58  Factory Reactor  
  39  3:59  Supply Depot, SCV  
  40  4:05  SCV  
  40  4:08  Marine  
  42  4:11  SCV  
  42  4:13  Starport  
  42  4:16  Engineering Bay  
  43  4:20  Marine  
  43  4:23  Barracks  
  44  4:25  Refinery  
  44  4:37  SCV x2  
  46  4:47  Engineering Bay  
  46  4:49  Supply Depot, SCV  
  47  4:57  Factory Tech Lab  
  47  4:59  Barracks  
  47  5:01  Missile Turret  
  47  5:04  Marine x2  
  49  5:11  Supply Depot  
  49  5:15  SCV  
  50  5:23  Missile Turret  
  50  5:24  SCV  
  50  5:27  Terran Infantry Weapons Level 1, SCV  
  52  5:31  Terran Infantry Armor Level 1  
  52  5:39  Barracks Tech Lab  
  52  5:41  Refinery, Medivac  
  54  5:46  Missile Turret  
  54  5:47  Widow Mine  
  54  5:48  Barracks Tech Lab  
  56  5:51  Barracks Reactor  
  56  5:59  Supply Depot  
  56  6:00  Combat Shields  
  56  6:08  Liberator  
  56  6:10  Marine  
  56  6:11  Marine  
  58  6:13  Medivac  
  58  6:15  Widow Mine  
  62  6:26  Liberator  
  62  6:28  Marine  
  62  6:30  Marine  
  67  6:37  Marine  
  67  6:38  Marauder, Marine  
  71  6:46  Missile Turret, Marine  
  75  6:48  Supply Depot, Marine  
  76  6:58  Bunker  
  76  7:02  Marauder, Marine x2  
  76  7:05  SCV  
  76  7:06  SCV  
  82  7:18  SCV  
  82  7:20  Stimpack  
  82  7:21  Supply Depot, Hi-Sec Auto Tracking  
  83  7:24  Marine x3  
  83  7:25  Marine  
  83  7:26  SCV  
  88  7:45  Supply Depot  
  88  7:48  Command Center  
  68  8:07  Medivac x2  
  68  8:10  Marine x2  
  68  8:11  Marauder, Marine x2  
  78  8:18  Armory  
  81  8:20  Siege Tank  
  81  8:32  Marauder  
  83  8:37  Medivac x2  
  87  8:51  Widow Mine  
  83  9:07  Marine x3  
  83  9:08  Marauder, Marine  
  83  9:09  Liberator x2  
  89  9:11  Supply Depot  
  89  9:20  Siege Tank  
  89  9:21  Concussive Shells  
  89  9:23  Barracks  
  92  9:25  Marine x2  
  92  9:30  Marauder  
  102  9:33  Marine x2  
  102  9:34  Supply Depot  
  104  9:43  Marine x2  
  106  9:51  Marauder, Marine x2  
  106  9:52  Siege Tank  
  113  10:01  Missile Turret, Marine x2  
  115  10:09  Marine  
  115  10:12  Marauder  
  118  10:22  Missile Turret  
  118  10:24  Siege Tank  
  121  10:34  Marauder  
  122  10:37  Marine x4  
  122  10:38  SCV  
  122  10:39  SCV  
  122  10:41  Planetary Fortress  
  128  10:47  Missile Turret  
  128  10:51  SCV x2  
  128  10:54  Marine x2  
  128  10:55  Marauder, Marine  
  135  11:03  SCV x2  
  118  11:09  Command Center  
  98  11:15  Marine x4, SCV  
  98  11:16  Marauder  
  105  11:19  Refinery  
  105  11:21  Supply Depot  
  105  11:22  Armory  
  105  11:27  Medivac  
  107  11:33  Marine  
  110  11:40  Marine x3  
  110  11:43  Supply Depot  
  110  11:46  Medivac  
  113  11:49  Marine  
  113  11:51  Marine  
  115  11:54  Terran Infantry Weapons Level 2  
  115  11:57  Medivac, Marine  
  118  12:02  Barracks Reactor  
  118  12:06  Supply Depot  
  118  12:07  Marauder  
  120  12:12  Barracks  
  120  12:16  Medivac  
  122  12:27  Medivac  
  118  12:40  Marine x2  
  118  12:41  Marauder, Marine x4  
  124  12:46  Medivac  
  124  12:49  Planetary Fortress  
  126  12:57  Medivac, SCV x2  
  126  12:58  Marine x3  
  130  12:59  Marine x2  
  130  13:00  SCV  
  130  13:03  Marauder  
  138  13:07  Refinery  
  138  13:09  SCV  
  139  13:16  Medivac  
  141  13:23  Siege Tank  
  141  13:24  Marauder, Marine x3  
  149  13:45  Marauder  
  149  13:47  Marine x2  
  149  13:48  Marine x3  
  154  13:49  Marine  
  154  13:55  Siege Tank  
  160  13:58  Medivac x2  
  160  14:02  SCV  
  165  14:05  Marine x2  
  165  14:07  Marauder  
  169  14:17  Marine x4  
  169  14:18  SCV  
  169  14:20  SCV  
  175  14:27  Siege Tank  
  175  14:28  Medivac, Barracks Tech Lab, Marauder  
  182  14:39  Supply Depot  
  182  14:45  Refinery  
  182  14:47  Terran Infantry Armor Level 2  
  182  14:50  Marauder  
  184  15:11  Marauder  
  138  15:32  Marauder  
  122  15:55  Marine x4  
  126  15:59  Marine  
  127  16:11  Medivac x2  
  129  16:15  Marine x3  
  129  16:16  Marine x4  
  129  16:17  Marine  
  139  16:33  Marine x4  
  139  16:34  Marauder x2, Marine  
  146  16:41  Medivac x2  
  135  16:56  Marauder x2  
  108  17:10  Marine x6  
  108  17:15  Barracks  
  114  17:16  Terran Vehicle And Ship Armor Level 1, Barracks, Terran Vehicle Weapons Level 1  
  114  17:17  Marauder x2  
  113  17:24  Starport  
  113  17:25  Viking x2  
  113  17:27  Marine  
  113  17:28  Marine  
  109  17:38  Marauder  
  109  17:39  Marauder  
  109  17:41  Marine x4  
  117  17:45  Marine x2  
  119  17:55  Viking x2  
  123  17:59  Marine  
  123  18:00  Marauder x2, SCV x2  
  123  18:04  Command Center  
  130  18:12  Barracks Reactor x2  
  130  18:25  Viking  
  130  18:26  Terran Infantry Weapons Level 3  
  130  18:27  Terran Infantry Armor Level 3  
  132  18:38  Marine x6  
  132  18:39  Marine x2  
  140  18:45  Viking  
  142  18:49  Siege Tank  
  145  18:55  Marine  
  145  18:56  Marine x5  
  145  18:57  Marine x2  
  153  19:10  Terran Ship Weapons Level 1  
  153  19:13  Marine  
  153  19:14  Marine x6  
  153  19:15  Command Center, Marine  
  153  19:17  Marine x4  
  161  19:21  Siege Tank  
  168  19:28  Viking  
  168  19:29  Viking  
  172  19:53  Siege Tank  
  172  19:58  Viking x2, Marine x3  
  172  19:59  Marine x7  
  187  20:00  Marine x2  
  191  20:07  Orbital Command  
  191  20:12  Missile Turret  
  191  20:13  Missile Turret  
  191  20:16  Refinery, Marine x3  
  191  20:17  Missile Turret, Marine x5  
  191  20:18  Refinery  
  195  20:28  Medivac x2  
  116  20:48  Marine x2  
  116  20:49  Marine x9  
  104  20:50  Marauder  
  97  21:06  Marine x2, Orbital Command  
  97  21:07  Marine x5  
  97  21:08  Marauder  
  97  21:09  Refinery  
  108  21:11  Marauder  
  80  21:43  Starport Tech Lab  
  58  21:50  Marine x6  
  58  21:51  Marine x2  
Show
View Real Time Build Order
Export as new Build Order

Whiskydog Terran - Winner!

Build Orders:  

Get SALT Encoding   

  12  0:00  SCV  
  13  0:13  SCV  
  14  0:17  Supply Depot  
  14  0:25  SCV  
  15  0:39  SCV  
  15  0:41  Barracks  
  16  0:49  Refinery  
  16  0:51  SCV  
  17  1:03  SCV  
  18  1:15  SCV  
  19  1:27  SCV  
  19  1:31  Supply Depot  
  20  1:40  Command Center  
  21  1:49  Orbital Command  
  21  1:53  Barracks Reactor  
  20  2:10  Factory  
  20  2:14  Refinery  
  20  2:18  SCV  
  21  2:29  Marine x2  
  23  2:30  SCV  
  24  2:42  SCV  
  25  2:49  Engineering Bay  
  25  2:51  Engineering Bay  
  25  3:11  Orbital Command  
  24  3:13  Marine x2  
  26  3:20  Starport, Terran Infantry Weapons Level 1  
  26  3:21  Terran Infantry Armor Level 1  
  26  3:35  Barracks  
  26  3:37  Factory Reactor  
  26  3:40  SCV  
  27  3:43  SCV  
  27  3:47  Marine  
  29  4:03  Supply Depot  
  29  4:10  Marine x2  
  31  4:23  SCV x2  
  33  4:31  Marine x2  
  34  4:32  Barracks Tech Lab  
  34  4:35  SCV  
  37  4:43  Factory Tech Lab  
  36  4:47  SCV x2  
  38  4:59  SCV x2  
  40  5:00  Marine x3  
  40  5:03  Command Center, Stimpack  
  43  5:08  Medivac  
  43  5:09  Medivac  
  47  5:15  SCV  
  47  5:16  SCV  
  49  5:25  Marine x3  
  49  5:28  SCV x2  
  54  5:35  Barracks  
  54  5:36  Barracks  
  54  5:49  Supply Depot  
  54  5:54  Medivac x2, SCV x2  
  60  6:00  Marine x2  
  62  6:10  Marine  
  62  6:11  SCV x2  
  65  6:13  Supply Depot  
  65  6:16  Supply Depot  
  65  6:18  Planetary Fortress  
  65  6:19  Supply Depot  
  65  6:22  Marine x2  
  65  6:23  SCV  
  65  6:24  Barracks Reactor  
  68  6:26  Barracks Tech Lab  
  68  6:30  Medivac  
  70  6:34  Medivac  
  72  6:45  Marine x3  
  72  6:46  Marine  
  76  6:47  Barracks  
  77  6:54  SCV x2  
  77  7:01  Refinery  
  78  7:02  Refinery  
  78  7:06  SCV  
  79  7:10  SCV x2  
  79  7:13  Marine x4  
  79  7:14  Marine x2  
  87  7:18  SCV  
  87  7:21  Supply Depot  
  87  7:22  SCV  
  89  7:23  SCV  
  89  7:24  Supply Depot  
  89  7:27  Supply Depot  
  89  7:29  Supply Depot  
  90  7:31  Marine x4  
  94  7:37  Armory  
  94  7:40  Fusion Core  
  89  8:19  Marine  
  89  8:20  Marine x3  
  89  8:21  Marine  
  89  8:22  Barracks Reactor  
  89  8:23  Marine  
  95  8:29  Missile Turret  
  95  8:30  Missile Turret x2  
  95  8:37  Marine x3  
  95  8:39  Medivac x2  
  102  8:41  SCV  
  102  8:42  SCV x2  
  103  8:54  SCV x2  
  95  9:04  Marine x3  
  95  9:05  Marine x5  
  103  9:18  Starport  
  103  9:21  Starport  
  103  9:22  Marine x2  
  105  9:24  Starport  
  105  9:31  Marine x5  
  107  9:32  Marine  
  111  9:40  Marine x2  
  113  9:49  Terran Infantry Weapons Level 2, Terran Infantry Armor Level 2  
  113  9:53  Barracks x2  
  113  9:59  Marine x7  
  118  10:00  Marine  
  118  10:04  Starport Tech Lab x2  
  121  10:07  Starport Reactor  
  121  10:11  Medivac  
  123  10:17  Marine x2  
  123  10:20  Missile Turret  
  125  10:21  Missile Turret  
  125  10:22  Missile Turret  
  125  10:23  Missile Turret, Marine x2  
  125  10:24  Marine x2  
  125  10:25  Marine x2  
  131  10:45  Marine x6  
  131  10:46  Barracks Reactor  
  131  10:47  Barracks Reactor, Marine x2  
  136  10:57  Battlecruiser  
  136  11:02  Marine x2  
  136  11:03  Marine  
  114  11:32  Marine x6  
  119  11:33  Marauder  
  119  11:34  Marauder, Marine x2  
  119  11:35  Marine  
  119  11:38  Raven  
  129  11:54  Marauder  
  129  11:55  Marauder  
  129  12:01  Raven  
  133  12:03  Command Center  
  134  12:16  Viking x2  
  134  12:17  Viking  
  140  12:25  Supply Depot x3  
  140  12:29  Supply Depot  
  140  12:45  Marine  
  140  12:47  Viking, Marauder x2, Marine x8  
  155  12:57  Battlecruiser  
  161  13:08  Marauder  
  163  13:24  Refinery  
  163  13:45  Command Center  
  163  13:50  Missile Turret  
  163  13:52  Missile Turret  
  163  13:53  Missile Turret  
  163  13:54  Missile Turret  
  163  14:00  Command Center  
  163  14:03  Marine x3  
  163  14:04  Marine x3  
  163  14:05  Marine x2  
  171  14:10  Battlecruiser  
  171  14:12  Battlecruiser  
  171  14:15  Medivac  
  185  14:34  Marauder x2  
  185  14:35  Marine x2  
  185  14:36  Marine  
  192  14:47  Planetary Fortress  
  192  14:56  Marauder x2  
  196  15:12  Planetary Fortress  
  196  15:17  Marauder  
  83  15:55  Terran Infantry Weapons Level 3, Terran Infantry Armor Level 3  
  81  16:02  Marine x6  
  81  16:03  Marine x6  
  91  16:20  Weapon Refit, Marine x8  
  91  16:21  Marine x4  
  101  16:37  Marine  
  101  16:38  Marine x8  
  101  16:39  Marine x3  
  86  16:55  Marine x3  
  86  16:56  Marine x7  
  86  16:57  Marine x2  
  89  17:13  Marine x4  
  89  17:14  Marine  
  94  17:21  Barracks  
  93  17:23  Barracks  
  93  17:45  Marine x2  
  93  17:46  Marine x5  
  93  17:47  Marine x3  
  93  17:49  Marauder x2  
  107  18:03  Marine x2  
  107  18:04  Marine x3  
  112  18:08  Battlecruiser  
  112  18:10  Marauder x2  
  122  18:30  Marine  
  122  18:31  Marauder x2, Marine x7  
  122  18:32  Marine x2  
  136  18:48  Marine  
  136  18:53  Marauder x2  
  136  18:54  Barracks Tech Lab  
  141  18:58  Barracks Tech Lab  
  141  19:02  Bunker  
  141  19:06  Marine x5  
  141  19:07  Marine x3  
  141  19:09  Marine x2  
  151  19:14  Marauder x2  
  155  19:19  Marine  
  155  19:23  Marauder  
  155  19:24  Marine x2  
  160  19:35  Marauder, Marine x2  
  160  19:36  Marauder, Marine x4  
  160  19:38  Marauder, Marine  
  175  19:53  Marauder, Marine  
  175  19:54  Marine  
  175  19:57  Marauder x2  
  181  20:07  Marine x4  
  181  20:08  Marine x2  
  181  20:11  Marauder  
  181  20:13  Marine  
  190  20:15  Marine  
  164  20:54  Marine  
  164  20:55  Marine x8  
  164  20:56  Marine x2  
  164  20:57  Marauder x2, Marine  
  180  21:12  Marine  
  180  21:17  Marine x3  
  180  21:18  Marine x5  
  152  21:48  Marine  
  152  21:49  Marine x8  
  152  21:50  Marine x2  
Tags
 
Matchup
TvT
Race
Terran
Replay Pack
SIII
Spawn Locations
Cross Positions
Add a new tag
Caveats
  • Supply blocks, unpowered buildings, or Contaminate may cause inaccurate times.
  • Supply counts are checked every 10 seconds.